 Dungeon Crawl Stone Soup version 0.30-a0-782-ge64f9170bb (webtiles) character file.

Game seed: 9929577092887721950

458 Dirtsage the Chopper (level 6, -3/47 HPs)
             Began as a Demonspawn Fighter on Mar 1, 2023.
             Was an Initiate of Okawaru.
             Slain by an ogre
             ... wielding a +0 giant spiked club
              (34 damage)
             ... on level 5 of the Dungeon.
             The game lasted 00:06:21 (3789 turns).

Dirtsage the Chopper (Demonspawn Fighter)           Turns: 3789, Time: 00:06:22

Health: -3/47      AC: 15    Str: 18    XL:     6   Next: 77%
Magic:  6/6        EV:  9    Int:  9    God:    Okawaru [......]
Gold:   201        SH:  4    Dex: 13    Spells: 5/5 levels left

rFire   . . .      SeeInvis .    a - +0 war axe
rCold   . . .      Faith    .    c - +0 buckler
rNeg    . . .      Spirit   .    q - +6 scale mail "Xira" {Regen+}
rPois   .          Reflect  .    (no helmet)
rElec   .          Harm     .    (no cloak)
rCorr   .          Rampage  .    (no gloves)
Will    .....                    (no boots) Stlth
                                 (no amulet)
HPRegen 1.07/turn                (no ring)
MPRegen 0.10/turn                (no ring)

@: no status effects
A: hooves 2, yellow scales 2
a: Renounce Religion


You were on level 5 of the Dungeon.
You worshipped Okawaru.
Okawaru was noncommittal.
You visited 2 branches of the dungeon, and saw 6 of its levels.

You collected 201 gold pieces.

Inventory:

Hand Weapons
 a - a +0 war axe (weapon)
Armour
 c - a +0 buckler (worn)
 q - the +6 scale mail "Xira" (worn) {Regen+}
   (You found it on level 3 of the Dungeon)

   Regen:     It increases your rate of health regeneration.
Jewellery
 f - a ring of magical power
Scrolls
 e - 2 scrolls of teleportation {unknown}
 g - 2 scrolls of enchant weapon {unknown}
 i - a scroll of identify
 j - 2 scrolls of vulnerability {unknown}
 k - a scroll of amnesia
 m - a scroll of enchant armour
 o - a scroll of fog {unknown}
 t - a scroll of noise {unknown}
Potions
 b - a potion of curing {unknown}
 d - 3 potions of might
 h - 3 potions of invisibility {unknown}
 l - 2 potions of flight {unknown}
 n - 2 potions of brilliance
 p - 2 potions of heal wounds {unknown}
 r - a potion of ambrosia {unknown}
 s - a potion of mutation {unknown}


   Skills:
 - Level 3.0 Fighting
 + Level 6.7 Axes
 - Level 2.6 Armour
 - Level 2.6 Shields


You had 5 spell levels left.
You didn't know any spells.
Your spell library contained the following spells:

 Spells                   Type           Power      Damage    Failure   Level
 Beastly Appendage        Tmut           0%         N/A       86%         1
 Freeze                   Ice            0%         1d3       86%         1
 Necrotise                Necr           0%         1d4       86%         1
 Wereblood                Tmut           0%         N/A       95%         2
 Frozen Ramparts          Ice            0%         1d1       99%         3
 Hailstorm                Conj/Ice       0%         3d3       99%         3
 Spider Form              Tmut/Pois      0%         N/A       99%         3
 Vampiric Draining        Necr           0%         2d6       99%         3
 Agony                    Necr           0%         N/A       100%        5


Dungeon Overview and Level Annotations

Branches:
Dungeon (5/15)             Temple (1/1) D:4

Altars:
Cheibriados
Dithmenos
Fedhas
Gozag
Hepliaklqana
Kikubaaqudgha
Makhleb
Okawaru
Sif Muna
Uskayaw
Wu Jian
Xom

Shops:
D:4 [


Innate Abilities, Weirdness & Mutations

You have hoof-like feet.
You are mostly covered in yellow scales. (AC +3)


Message History

You take 3 damage, and have 37/47 hp.
No target in view!
Unknown command.
You feel sick.
You feel sick.
You feel sick.
You feel sick.
You feel sick.
You feel sick.
You feel sick.
You are no longer poisoned.
HP restored.
You now have 201 gold pieces (gained 7).
You open the door.
Found a stone staircase leading down.
Health restored: 47 An ogre comes into view.
It is wielding a +0 giant spiked club.
There is an open door here.
You slash the ogre!
The ogre is moderately wounded.
The ogre barely misses you.
You barely miss the ogre.
The ogre is moderately wounded.
The ogre completely misses you.
You hit the ogre but do no damage. Your kick misses the ogre.
The ogre is moderately wounded.
The ogre hits you with a +0 giant spiked club!!
You take 20 damage, and have 27/47 hp.
MASSIVE DAMAGE!!
You are too injured to fight recklessly!
You are too injured to fight recklessly!
You hit the ogre. You kick the ogre.
The ogre is moderately wounded.
You block the ogre's attack.
You barely miss the ogre. Your kick misses the ogre.
The ogre is moderately wounded.
You hit the ogre.
The ogre is heavily wounded.
The ogre hits you with a +0 giant spiked club!!
Ouch! That really hurt!
You die...

# .## ####... #+#
.....>. #.#
....... #.#
.......
#######.##.......
.........@.......
#######.##O......
#########.#
.......
..........#
#######
..........#
#..........#
#..........#
#..........#
#..........#


You could see an ogre.

Vanquished Creatures
  3 scorpions
  Terence (D:3)
  An orc wizard (D:3)
  Natasha (thrice) (D:2)
  9 adders
  A worm (D:4)
  3 dart slugs
  6 orcs
  5 endoplasms
  6 giant cockroaches
  6 goblins
  3 hobgoblins
  2 jackals (D:1)
  3 quokkas (D:2)
  6 ball pythons
  4 bats
  2 frilled lizards
  8 kobolds
  6 rats
78 creatures vanquished.

Notes
Turn   | Place    | Note
-------+----------+-------------------------------------------
     0 | D:1      | Dirtsage the Demonspawn Fighter began the quest for the
                  | Orb.
     0 | D:1      | Reached XP level 1. HP: 18/18 MP: 1/1
    49 | D:1      | Reached skill level 2 in Axes
   149 | D:1      | Gained mutation: You have large cloven feet. [demonic
                  | ancestry]
   149 | D:1      | Reached XP level 2. HP: 24/24 MP: 2/2
   554 | D:1      | Reached skill level 3 in Axes
   957 | D:2      | Gained mutation: You have hoof-like feet. [demonic
                  | ancestry]
   957 | D:2      | Reached XP level 3. HP: 28/29 MP: 3/3
  1175 | D:2      | Noticed Natasha
  1178 | D:2      | Killed Natasha
  1179 | D:2      | Reached skill level 4 in Axes
  1179 | D:2      | Gained mutation: You are partially covered in yellow
                  | scales. (AC +2) [demonic ancestry]
  1179 | D:2      | Reached XP level 4. HP: 30/35 MP: 4/4
  1506 | D:2      | Noticed Natasha
  1508 | D:2      | Killed Natasha
  1628 | D:2      | Noticed Natasha
  1633 | D:2      | Killed Natasha
  1634 | D:2      | Gained mutation: You are mostly covered in yellow scales.
                  | (AC +3) [demonic ancestry]
  1634 | D:2      | Reached XP level 5. HP: 37/41 MP: 5/5
  1843 | D:3      | Reached skill level 5 in Axes
  1897 | D:3      | Identified the +6 scale mail "Xira" {Regen+}
  2073 | D:3      | You fall into a shaft and drop 1 floor!
  2290 | D:3      | Noticed Terence
  2306 | D:3      | Killed Terence
  2972 | D:4      | Found Heom's Antique Armour Emporium.
  3050 | D:4      | Reached XP level 6. HP: 47/47 MP: 6/6
  3147 | D:4      | Reached skill level 6 in Axes
  3195 | D:4      | Found a staircase to the Ecumenical Temple.
  3204 | Temple   | Entered the Ecumenical Temple
  3280 | Temple   | Became a worshipper of Warmaster Okawaru
  3734 | D:5      | Entered Level 5 of the Dungeon
  3789 | D:5      | Slain by an ogre

Illustrated notes

Levels and vault maps discovered:
D:1:      dpeg_arrival_stone_temple_mockup, layout_basic
D:2:      layout_loops_ring, serial_rivers, chequers_serial_rivers_micro_a,
          chequers_serial_rivers_micro_e, chequers_serial_rivers_small_b,
          chequers_serial_rivers_micro_a, chequers_serial_rivers_large_b,
          uniq_natasha
D:3:      layout_basic, serial_co_window_serial, co_window_paths_a,
          co_window_paths_a, co_window_paths_b, co_window_corner_a,
          co_window_paths_b, co_window_of_opportunity_a,
          co_window_of_opportunity_a, co_window_cross_3, co_window_2corner,
          co_window_unsneaky_path_b, co_window_corner_b, co_window_corner_ca,
          co_window_paths_e, co_window_4corner_b, glass_columns_b, uniq_terence
D:4:      layout_basic, minmay_temple_entry_waves, serial_shops,
          nicolae_shop_crystal
D:5:      layout_basic, gammafunk_ghost_gnarly_gnolls
Temple:   regret_index_temple_waves

Skill      XL: |  1  2  3  4  5  6 |
---------------+-------------------+-----
Axes           | 2 3 4 5 6 |  6.7
Fighting       | |  3.0
Armour         | |  2.6
Shields        | |  2.6

Action                     |  1- 3 |  4- 6 || total
---------------------------+-------+-------++-------
  Melee: War axe           |    95 |   132 ||   227
         Kick              |    10 |    34 ||    44
    Use: Scroll            |       |     2 ||     2
 Armour: Scale mail        |    59 |    73 ||   132
  Dodge: Dodged            |    45 |    50 ||    95
  Block: Buckler           |    22 |    16 ||    38

Table legend: (Time is in decaauts)
 A = Elapsed time spent in this place.
 B = Non-inter-level travel time spent in this place.
 C = Inter-level travel time spent in this place.
 D = Time resting spent in this place.
 E = Time spent auto-exploring this place.
 F = Levels seen in this place.
 G = Mean time per level.
                   A        B        C        D        E       F      G
               +--------+--------+--------+--------+--------+-----+--------+
         Total |   3902 |   3695 |    207 |      0 |   3070 |   6 |  650.3 |
       Dungeon |   3752 |   3617 |    135 |      0 |   3014 |   5 |  750.4 |
        Temple |    149 |     77 |     72 |      0 |     56 |   1 |  149.0 |
               +--------+--------+--------+--------+--------+-----+--------+

Top non-repeatable levels by time:
     D:3: 1183 daAuts
     D:2: 896 daAuts
     D:1: 887 daAuts
     D:4: 728 daAuts
  Temple: 149 daAuts
     D:5: 56 daAuts
